 Dungeon Crawl Stone Soup version 0.23.2 (webtiles) character file.

Game seed: 4622055647243465892

353 Borgoz the Chopper (level 6, -1/56 HPs)
             Began as a Hill Orc Berserker on Apr 9, 2019.
             Was a Believer of Trog.
             Succumbed to a worker ant's poison
             ... on level 4 of the Dungeon.
             The game lasted 00:04:46 (2796 turns).

Borgoz the Chopper (Hill Orc Berserker)             Turns: 2796, Time: 00:04:46

Health: -1/56      AC:  2    Str: 20    XL:     6   Next: 62%
Magic:  4/6        EV: 18    Int: 14    God:    Trog [**....]
Gold:   107        SH:  0    Dex: 14    Spells: 5/5 levels left

rFire    . . .     SeeInvis .   a - +0 hand axe
rCold    . . .     Gourm    .   (no shield)
rNeg     . . .     Faith    .   b - +0 animal skin
rPois    .         Spirit   +   (no helmet)
rElec    .         Reflect  .   (no cloak)
rCorr    .         Harm     .   (no gloves)
MR       .....                  (no boots)
Stlth    ++........             o - amulet of guardian spirit
HPRegen  0.18/turn              h - -3 ring of dexterity (curse)
MPRegen  0.10/turn              i - ring of attention (curse)

@: brilliant, agile, lethally poisoned (-1 -> -42)
A: blink, clever 1, high mp 1
a: Blink, Berserk, Trog's Hand, Renounce Religion


You were on level 4 of the Dungeon.
You worshipped Trog.
Trog was pleased with you.
You were near starving.

You visited 1 branch of the dungeon, and saw 4 of its levels.

You collected 107 gold pieces.

Inventory:

Hand Weapons
 a - a +0 hand axe (weapon)
Armour
 b - a +0 animal skin (worn)
Jewellery
 h - a cursed -3 ring of dexterity (left hand)
 i - a cursed ring of attention (right hand)
 o - an amulet of guardian spirit (around neck)
Scrolls
 d - 2 scrolls of fog
 f - a scroll of teleportation {unknown}
 g - 2 scrolls of amnesia {unknown}
 j - 3 scrolls of identify {unknown}
 k - a scroll of random uselessness {unknown}
 m - 2 scrolls of immolation {unknown}
 q - a scroll of magic mapping {unknown}
Potions
 n - a potion of curing {unknown}
Comestibles
 c - 5 rations


   Skills:
 + Level 5.2 Fighting
 + Level 7.5 Axes
 + Level 2.3 Armour
 + Level 2.6 Dodging
 + Level 0.6 Stealth


You had 5 spell levels left.
You didn't know any spells.
Your spell library was empty.

Dungeon Overview and Level Annotations

Branches:
Dungeon (4/15)
 Temple: D:4-7

Altars:
Gozag
Trog
Wu Jian
Zin


Innate Abilities, Weirdness & Mutations

You can translocate small distances at will.
Your mind is acute. (Int +2)
You have an increased reservoir of magic. (+10% MP)


Message History

* * * LOW HITPOINT WARNING * * *
You are more poisoned.
The worker ant poisons you!
It was a potion of cancellation.
You feel magically purged.
* * * LOW HITPOINT WARNING * * *
You feel very sick. The worker ant closely misses you.
It was a potion of agility.
You feel agile all of a sudden.
* * * LOW HITPOINT WARNING * * *
You feel very sick. The worker ant closely misses you.
It was a potion of brilliance.
You feel clever all of a sudden.
* * * LOW HITPOINT WARNING * * *
You feel very sick. The worker ant misses you.
It was a potion of mutation.
You feel extremely strange.
You feel clever.
You feel more energetic.
You feel jittery.
You die...

##.## #.#
#.# #.#
#.#
#.#####
#+#
#.....#
#####.# ##
#.#
##.##.#
####...#.#
+.....a@.#
####...#.#
##.##.# ##
#.# #.#
#.# #.# .#


You could see a worker ant.

Vanquished Creatures
  Sigmund (D:2)
  Jessica (D:2)
  Natasha (thrice) (D:2)
  3 adders (D:3)
  A worm (D:3)
  4 dart slugs
  A leopard gecko (D:3)
  4 bats
  4 giant cockroaches
  7 goblins
  7 hobgoblins
  7 jackals
  A quokka (D:2)
  A ball python (D:3)
  3 frilled lizards
  5 kobolds
  3 rats
56 creatures vanquished.

Notes
Turn   | Place    | Note
-------+----------+-------------------------------------------
     0 | D:1      | Borgoz the Hill Orc Berserker began the quest for the Orb.
     0 | D:1      | Reached XP level 1. HP: 19/19 MP: 1/1
   270 | D:1      | Reached XP level 2. HP: 24/27 MP: 2/2
   761 | D:2      | Reached XP level 3. HP: 17/33 MP: 3/3
   922 | D:2      | Noticed Sigmund
   931 | D:2      | Killed Sigmund
   931 | D:2      | Reached skill level 5 in Fighting
   931 | D:2      | Reached skill level 6 in Axes
   931 | D:2      | Reached XP level 4. HP: 42/42 MP: 4/4
   931 | D:2      | Reached XP level 5. HP: 48/48 MP: 5/5
  1062 | D:2      | Noticed Natasha
  1074 | D:2      | Killed Natasha
  1338 | D:2      | Noticed Jessica
  1348 | D:2      | Killed Jessica
  1348 | D:2      | Reached skill level 7 in Axes
  1348 | D:2      | Reached XP level 6. HP: 50/56 MP: 6/6
  1485 | D:2      | Noticed Natasha
  1493 | D:2      | Killed Natasha
  1539 | D:2      | Reached ** piety under Trog
  1618 | D:2      | Found a bloodstained altar of Trog.
  1618 | D:2      | Found a glowing silver altar of Zin.
  1790 | D:2      | Found an opulent altar of Gozag.
  1854 | D:2      | Noticed Natasha
  1863 | D:2      | Killed Natasha
  1932 | D:2      | Found an ornate altar of the Wu Jian Council.
  2795 | D:4      | HP: 2/56 [poisoned by a worker ant]
  2796 | D:4      | Gained mutation: Your mind is acute. (Int +2) [potion of
                  | mutation]
  2796 | D:4      | Gained mutation: You have an increased reservoir of magic.
                  | (+10% MP) [potion of mutation]
  2796 | D:4      | Gained mutation: You can translocate small distances at
                  | will. [potion of mutation]
  2796 | D:4      | Succumbed to a worker ant's poison

Skill      XL: |  1  2  3  4  5 |
---------------+----------------+-----
Fighting       | 4 5 |  5.2
Axes           | 6 7 |  7.5
Dodging        | 2 |  2.6
Armour         | |  2.3
Stealth        | |  0.6

Action                   |  1- 3 |  4- 6 || total
-------------------------+-------+-------++-------
Melee: Hand axe          |    79 |   151 ||   230
Invok: Berserk           |     1 |     2 ||     3
  Use: Potion            |       |     4 ||     4
       Scroll            |       |     1 ||     1
  Eat: Chunk             |       |     7 ||     7
Armor: Animal skin       |    22 |    21 ||    43
Dodge: Dodged            |    45 |    71 ||   116
